 Dungeon Crawl Stone Soup version 0.30-b1-2-g02819fbbbe (webtiles) character file.

Game seed: 8842238195160736149

11023 Metae the Blocker (level 11, -8/99 HPs)
             Began as a Minotaur Fighter on July 2, 2023.
             Was a Believer of Uskayaw.
             Mangled by Rupert
             ... wielding a +3 great sword of protection
              (12 damage)
             ... on level 1 of the Lair of Beasts.
             The game lasted 00:25:36 (8621 turns).

Metae the Blocker (Minotaur Fighter)                Turns: 8621, Time: 00:25:36

Health: -8/99      AC: 22    Str: 24    XL:     11   Next: 43%
Magic:  13/13      EV: 11    Int:  5    God:    Uskayaw [**....]
Gold:   451        SH:  7    Dex: 17    Spells: 10/10 levels left

rFire   . . .        o - +2 war axe (drain)
rCold   . . .        c - +0 buckler
rNeg    . . .        S - +0 plate armour
rPois   +            (helmet restricted)
rElec   .            M - +0 cloak
rCorr   .            (no gloves)
SInv    .            s - +1 pair of boots of Gravitas {Dex+6}
Will    .....        e - amulet of regeneration Stlth
                     P - +4 ring of protection
HPRegen 1.16/turn    G - ring of poison resistance
MPRegen 0.13/turn

%: no passive effects
@: mighty
A: horns 2, retaliatory headbutt
a: Renounce Religion, Stomp, Line Pass


You were on level 1 of the Lair of Beasts.
You worshipped Uskayaw.
Uskayaw was noncommittal.
You visited 3 branches of the dungeon, and saw 11 of its levels.
You also visited: Ossuary.

You collected 660 gold pieces.
You spent 209 gold pieces at shops.

Inventory:

Hand Weapons
 o - a +2 war axe of draining (weapon)
 I - a +2 war axe of flaming
 O - a +1 whip of electrocution
Missiles
 b - 3 curare-tipped darts
 h - 82 stones (quivered)
 u - 6 boomerangs of dispersal
Armour
 c - a +0 buckler (worn)
 s - the +1 pair of boots of Gravitas (worn) {Dex+6}
   (You found it on level 2 of the Dungeon)

   Dex:       It affects your dexterity (+6).
 M - a +0 cloak (worn)
 S - a +0 plate armour (worn)
Jewellery
 a - a +6 ring of dexterity
 e - an amulet of regeneration (around neck)
 w - a +5 ring of evasion
 G - a ring of poison resistance (right hand)
 J - a ring of see invisible
 P - a +4 ring of protection (left hand)
Wands
 A - a wand of acid (9)
 N - a wand of digging (8)
 R - a wand of flame (8)
Scrolls
 g - 6 scrolls of blinking
 i - a scroll of poison
 k - 6 scrolls of teleportation
 t - 2 scrolls of fear
 v - 5 scrolls of noise
 x - 2 scrolls of torment
 y - 2 scrolls of magic mapping
 B - 2 scrolls of vulnerability
 D - 3 scrolls of fog
 F - 4 scrolls of enchant weapon
 H - 4 scrolls of enchant armour
 L - a scroll of amnesia
Potions
 d - a potion of might
 f - 3 potions of attraction
 j - 2 potions of flight
 l - 3 potions of invisibility
 m - 7 potions of heal wounds
 n - 3 potions of magic
 p - a potion of mutation {unknown}
 q - 6 potions of brilliance
 r - a potion of cancellation {unknown}
 z - 4 potions of lignification
 C - 4 potions of curing
 E - a potion of degeneration {unknown}
 K - 2 potions of haste
Miscellaneous
 Q - a lightning rod (4/4)
 T - a box of beasts


   Skills:
 + Level 10.1 Fighting
 - Level 4.1 Short Blades
 + Level 8.4 Axes
 + Level 10.0 Armour
 + Level 8.6 Dodging
 + Level 10.2 Shields
 + Level 5.1 Invocations


You had 10 spell levels left.
You didn't know any spells.
Your spell library contained the following spells:

 Spells                   Type           Power      Damage    Failure   Level
 Apportation              Tloc           0%         N/A       100%        1
 Beastly Appendage        Tmut           0%         N/A       100%        1
 Freeze                   Ice            0%         1d3       100%        1
 Magic Dart               Conj           0%         1d3       100%        1
 Necrotise                Necr           0%         1d4       100%        1
 Summon Small Mammal      Summ           0%         N/A       100%        1
 Searing Ray              Conj           0%         2d4       100%        2
 Wereblood                Tmut           0%         N/A       100%        2
 Frozen Ramparts          Ice            0%         1d1       100%        3
 Hailstorm                Conj/Ice       0%         3d3       100%        3
 Spider Form              Tmut/Pois      0%         N/A       100%        3
 Fulminant Prism          Conj/Hex       0%         3d5       100%        4


Dungeon Overview and Level Annotations

Branches:
Dungeon (9/15)             Temple (1/1) D:7            Lair (1/5) D:9
Ossuary (visited)
    Orc: D:9-12

Altars:
Ashenzari
Cheibriados
Dithmenos
Elyvilon
Fedhas
Gozag
Hepliaklqana
Kikubaaqudgha
Makhleb
Nemelex Xobeh
Okawaru
Qazlal
Ru
Sif Muna
Trog
Uskayaw
Vehumet
Wu Jian
Xom
Yredelemnul
Zin
The Shining One

Shops:
D:2 :   D:3 ![*

Annotations:
Lair:1 Rupert


Innate Abilities, Weirdness & Mutations

You have a pair of horns on your head.
You reflexively headbutt those who attack you in melee.


Message History

The human is almost dead.
The human hits you but does no damage.
You slash the human!
You kill the human!
No target in view!
There is an open door, spattered with blood here.
Things that are here:
a +2 war axe of flaming; a +3 leather armour; a human corpse
I - a +2 war axe of flaming
l - 3 potions of invisibility (gained 1)
There is an open door, spattered with blood here.
Things that are here:
a +3 leather armour; a human corpse
Found a human skeleton.
You open the door. You hit Rupert. You headbutt Rupert!
Rupert is lightly wounded.
Rupert hits you with a +3 great sword of protection!
Rupert roars madly and goes into a rage!
Rupert goes berserk!
You slash Rupert! You drain Rupert. You headbutt Rupert.
Rupert is lightly wounded.
Rupert barely misses you.
You hit Rupert. You drain Rupert. You headbutt Rupert, but do no damage.
Rupert is lightly wounded.
Rupert hits you with a +3 great sword of protection!!
Rupert completely misses you.
You slash Rupert! You drain Rupert. Your headbutt misses Rupert.
Rupert is moderately wounded.
Rupert hits you with a +3 great sword of protection.
Rupert hits you with a +3 great sword of protection!!
You can now pass through a line of other dancers.
You feel very mighty all of a sudden. Rupert completely misses you.
You furiously retaliate!
You headbutt Rupert! You hit Rupert.
Rupert is moderately wounded.
Rupert hits you with a +3 great sword of protection!!
* * * LOW HITPOINT WARNING * * *
Rupert hits you with a +3 great sword of protection!
You die...

#..#
♣.§§..§...♣
##.#
♣###§#####♣
#..#
#....#..#
##.#
#....#.|# #.#
#....#÷.# #.#
#....#..# #.#
#....#..#
#.#♣
####'#@##
#.P#
#.....@.#
#### #.##
#.......#
#####.## #.##
##[####+#
##.......
#..♣ #...#
###..).....
#.#♣ #...#
##..........
##.# #...#
♣♣...........
#..# #÷..#
♣..........#.
##.# #####
♣............
#####.#♣♣
♣............


You could see Rupert (berserk, drained).

Vanquished Creatures
  Erica (D:8)
  A two-headed ogre (D:8)
  Pikel (D:7)
  2 cane toads (Lair:1)
  A polar bear (Lair:1)
  A troll (D:9)
  A hornet (D:9)
  Prince Ribbit (D:7)
  2 wyverns (D:9)
  A wraith (Ossuary)
  Eustachio (D:4)
  21 yaks
  A human (Lair:1)
  2 basilisks
  7 water moccasins
  Duvessa (D:7)
  3 sky beasts
  An orc warrior (D:8)
  2 black bears
  An ogre (D:6)
  A lemure (D:7)
  2 centaurs
  6 bullfrogs
  A scorpion (D:7)
  8 wights (D:9)
  2 elf skeletons (D:6)
  A gnoll sergeant (D:5)
  Dowan (D:7)
  A howler monkey (D:4)
  2 human zombies
  3 hounds
  4 jellies
  3 sleepcaps
  2 human skeletons (D:6)
  6 orc priests
  Jessica (D:2)
  Natasha (twice) (D:3)
  4 iguanas
  6 orc wizards
  3 mummies (Ossuary)
  Robin (D:2)
  8 adders
  9 gnolls
  2 shadow imps
  3 white imps (D:7)
  An ufetubus (D:5)
  A worm (D:3)
  2 dart slugs
  20 orcs
  7 endoplasms
  7 giant cockroaches
  17 goblins
  15 hobgoblins
  2 jackals (D:2)
  9 quokkas
  11 ball pythons
  6 bats
  A frilled lizard (D:2)
  A gnoll zombie (Ossuary)
  A goblin zombie (Ossuary)
  2 hobgoblin zombies (Ossuary)
  4 kobolds
  A kobold zombie (Ossuary)
  2 orc zombies
  6 rats
250 creatures vanquished.

Vanquished Creatures (others)
  A ghoul (D:1)
  2 demonspawn (D:1)
  2 draconians (D:1)
  An octopode (D:1)
  2 gargoyles (D:1)
  An elf (D:1)
  A spriggan (D:1)
  2 demigods (D:1)
  An ogre (D:1)
  A felid (D:1)
  A kobold (D:1)
  7 tentacles (D:1)
22 creatures vanquished.

Grand Total: 272 creatures vanquished

Notes
Turn   | Place    | Note
-------+----------+-------------------------------------------
     0 | D:1      | Metae the Minotaur Fighter began the quest for the Orb.
     0 | D:1      | Reached XP level 1. HP: 19/19 MP: 0/0
     2 | D:1      | Noticed a draconian
     2 | D:1      | Noticed a demigod
     2 | D:1      | Noticed a gargoyle
     2 | D:1      | Noticed a ghoul
     2 | D:1      | Noticed a gargoyle
     2 | D:1      | Noticed a kraken
     2 | D:1      | Noticed an octopode
     2 | D:1      | Noticed an elf
     2 | D:1      | Noticed a felid
     2 | D:1      | Noticed a draconian
     2 | D:1      | Noticed an ogre
     2 | D:1      | Noticed a demigod
     2 | D:1      | Noticed a demonspawn
     2 | D:1      | Noticed a demonspawn
     2 | D:1      | Noticed a spriggan
     3 | D:1      | Killed a draconian
     5 | D:1      | Killed a demigod
     7 | D:1      | Killed a gargoyle
     8 | D:1      | Killed an octopode
     9 | D:1      | Killed an ogre
    10 | D:1      | Killed a ghoul
    12 | D:1      | Killed a felid
    13 | D:1      | Killed a draconian
    14 | D:1      | Killed a demigod
    16 | D:1      | Killed a demonspawn
    18 | D:1      | Killed a gargoyle
    21 | D:1      | Killed a demonspawn
    22 | D:1      | Killed a spriggan
    25 | D:1      | Killed an elf
   270 | D:1      | Reached XP level 2. HP: 27/27 MP: 1/1
   747 | D:2      | Found Coonolim's Book Shoppe.
   761 | D:2      | Noticed Jessica
   783 | D:2      | Killed Jessica
   784 | D:2      | Reached skill level 1 in Dodging
   784 | D:2      | Reached XP level 3. HP: 33/33 MP: 2/2
   788 | D:2      | Identified the +1 pair of boots of Gravitas {Dex+6}
   994 | D:2      | Noticed Robin
  1010 | D:2      | Killed Robin
  1011 | D:2      | Reached XP level 4. HP: 39/40 MP: 3/3
  1192 | D:2      | Reached XP level 5. HP: 7/47 MP: 4/4
  1894 | D:3      | Found Patwuggo's Antique Armour Emporium.
  1911 | D:3      | You fall into a shaft and drop 3 floors!
  2092 | D:6      | Reached XP level 6. HP: 31/55 MP: 5/5
  2288 | D:6      | Reached skill level 5 in Armour
  2288 | D:6      | Reached skill level 5 in Shields
  2308 | D:6      | Reached skill level 5 in Fighting
  2368 | D:6      | Found a sand-covered staircase.
  2380 | Ossuary  | Entered an ossuary
  2380 | Ossuary  | Noticed a wraith
  2380 | Ossuary  | Noticed a wraith
  2380 | Ossuary  | Noticed a wraith
  2423 | Ossuary  | Reached XP level 7. HP: 61/61 MP: 6/6
  2578 | Ossuary  | Noticed a wraith
  2584 | Ossuary  | Killed a wraith
  2585 | Ossuary  | Reached skill level 1 in Axes
  3401 | D:5      | Entered Level 5 of the Dungeon
  3409 | D:5      | Reached XP level 8. HP: 70/70 MP: 7/7
  3857 | D:3      | Found Adolatum's General Store.
  3886 | D:3      | Noticed Natasha
  3890 | D:3      | Killed Natasha
  3932 | D:3      | Found Maumomma's Distillery.
  3942 | D:3      | Bought a potion of curing for 33 gold pieces
  3942 | D:3      | Bought a potion of curing for 33 gold pieces
  3942 | D:3      | Bought a potion of heal wounds for 55 gold pieces
  3942 | D:3      | Bought a potion of heal wounds for 55 gold pieces
  3942 | D:3      | Bought a potion of flight for 33 gold pieces
  4106 | D:3      | Found a shimmering altar of Xom.
  4108 | D:3      | Found a shimmering altar of Xom.
  4108 | D:3      | Found a shimmering altar of Xom.
  4109 | D:3      | Found a shimmering altar of Xom.
  4110 | D:3      | Found a shimmering altar of Xom.
  4530 | D:3      | Noticed Natasha
  4536 | D:3      | Killed Natasha
  4655 | D:4      | Noticed Eustachio
  4672 | D:4      | Killed Eustachio
  4673 | D:4      | Reached skill level 5 in Dodging
  5970 | D:7      | Noticed Prince Ribbit
  5977 | D:7      | Killed Prince Ribbit
  5978 | D:7      | Reached XP level 9. HP: 79/79 MP: 8/8
  6009 | D:7      | Found a staircase to the Ecumenical Temple.
  6014 | D:7      | Noticed Pikel
  6028 | D:7      | Killed Pikel
  6029 | D:7      | Reached skill level 5 in Axes
  6068 | Temple   | Entered the Ecumenical Temple
  6194 | Temple   | Became a worshipper of Uskayaw the Reveller
  6242 | D:7      | Noticed Duvessa
  6243 | D:7      | Noticed Dowan
  6247 | D:7      | Reached * piety under Uskayaw
  6248 | D:7      | Killed Dowan
  6248 | D:7      | Reached ** piety under Uskayaw
  6253 | D:7      | Reached *** piety under Uskayaw
  6254 | D:7      | Killed Duvessa
  6318 | D:7      | Reached skill level 1 in Invocations
  7043 | D:8      | Noticed Erica
  7059 | D:8      | Killed Erica
  7060 | D:8      | Reached XP level 10. HP: 84/90 MP: 10/10
  7063 | D:8      | Reached **** piety under Uskayaw
  7065 | D:8      | Reached ***** piety under Uskayaw
  7122 | D:8      | Found a glowing golden altar of the Shining One.
  7123 | D:8      | Found a white marble altar of Elyvilon.
  7124 | D:8      | Found a glowing silver altar of Zin.
  7161 | D:8      | Noticed a two-headed ogre
  7169 | D:8      | Killed a two-headed ogre
  7592 | D:9      | Found a staircase to the Lair.
  7699 | D:9      | Found a burning altar of Makhleb.
  7699 | D:9      | Found a stormy altar of Qazlal.
  7701 | D:9      | Found a sacrificial altar of Ru.
  7736 | D:9      | Reached XP level 11. HP: 94/97 MP: 13/13
  8284 | Lair:1   | Entered Level 1 of the Lair of Beasts
  8353 | Lair:1   | Reached skill level 10 in Shields
  8389 | Lair:1   | Reached skill level 10 in Fighting
  8389 | Lair:1   | Reached skill level 5 in Invocations
  8393 | Lair:1   | Reached skill level 10 in Armour
  8579 | Lair:1   | Found a runed translucent door.
  8609 | Lair:1   | Noticed Rupert
  8621 | Lair:1   | HP: 4/99 [Rupert/+3 great sword of protection (29)]
  8621 | Lair:1   | Mangled by Rupert

Illustrated notes

Levels and vault maps discovered:
D:1:      nicolae_arrival_kraken_aquarium_b, layout_basic,
          kennysheep_decorative_pillar
D:2:      cheibrodos_pilgrimage, layout_loops_corners, serial_shops,
          nicolae_shop_stone, minmay_goblin_kobold_house, uniq_jessica,
          uniq_robin
D:3:      layout_basic, xom_redecorated, gup_sewer_entry_pipe, serial_shops,
          shop, nicolae_shop_tiny_statue_garden, nicolae_shop_window_shopping,
          minmay_misc_feat_more_columns, uniq_natasha
D:4:      layout_layer_cave, minmay_divided_ellipse, uniq_eustachio
D:5:      layout_basic
D:6:      layout_basic, nicolae_ossuary_entry_catacombs, st_stairs_1
D:7:      layout_basic, minmay_temple_entry_slanted, minivault_14,
          uniq_prince_ribbit1, uniq_pikel, uniq_duvessa
D:8:      layout_basic, good_gods_temple_1, uniq_erica
D:9:      layout_irregular_city, gammafunk_temple_overflow_claw,
          david_lair_generic
Temple:   nicolae_temple_superstar
Lair:1:   kb_forest_paths, layout_hall_layers, pdpol_lair_cabin_in_the_woods,
          lemuel_fruit_tree

Skill      XL: |  1  2  3  4  5  6  7  8  9 10 11 |
---------------+----------------------------------+-----
Fighting       | 4 5 6 7 8 9 10 | 10.1
Armour         | 4 5 6 7 8 9 10 | 10.0
Dodging        | 1 2 3 4 5 7 8 |  8.6
Shields        | 4 5 6 7 8 9 10 | 10.2
Short Blades   | 3 4 |  4.1
Axes           | 2 4 6 7 8 |  8.4
Invocations    | 2 4 5 |  5.1

Action                     |  1- 3 |  4- 6 |  7- 9 | 10-12 || total
---------------------------+-------+-------+-------+-------++-------
  Melee: Rapier            |    70 |   196 |       |       ||   266
         Headbutt          |    11 |    39 |    61 |    24 ||   135
         War axe           |       |       |   236 |   133 ||   369
  Throw: Stone             |       |       |     1 |       ||     1
    Use: Scroll            |       |     8 |     9 |     2 ||    19
         Potion            |       |       |       |     1 ||     1
   Stab: Paralysed         |       |       |     4 |    32 ||    36
 Armour: Scale mail        |    35 |    74 |    30 |       ||   139
         Chain mail        |       |       |    42 |    57 ||    99
         Plate armour      |       |       |       |    14 ||    14
  Dodge: Dodged            |    40 |    93 |   185 |    96 ||   414
  Block: Buckler           |    20 |    44 |    57 |    58 ||   179
